AoeStats
← Chuckles

Arabia

509338933Analyzed
1v1 RM · 7d ago on Sep 26, 2026· 36m 46s· 2 players
Game mode
Random Map
Map size
Tiny (2 player)
Population
200
Speed
Normal
Resources
Standard
Victory
Conquest
Starting age
Dark Age
Ending age
Imperial Age
RankedLock teamsTeams togetherTeam positionsShared explorationLock speedFull tech treeHidden civsTurbo modeCheats
Victory
Defeat
🇳🇱 Italians · Netherlands
762
+15
🇺🇸 Koreans · United States
745
-33
Chuckles
10:58 Feudal Age
21:31 Fletching
23:24 Forging
25:02 Double-Bit Axe
29:02 Scale Mail Armor
The Ultimate Noep
4:02 Loom
10:54 Feudal Age
11:46 Double-Bit Axe
16:32 Horse Collar
18:49 Fletching
21:14 Padded Archer Armor
24:20 Wheelbarrow
25:00 Forging
24:57 Scale Barding Armor
24:52 Scale Mail Armor
25:15 Bloodlines
28:20 Castle Age
29:57 Hand Cart
31:11 Chain Barding Armor
31:27 Iron Casting
30:55 Husbandry
35:21 Squires
Connection lost

Rejoining the realm…

Still unreachable

The connection could not be restored.

Session expired

The server has moved on; the page needs a fresh start.